 Dungeon Crawl Stone Soup version 0.20.1-1-g8b1a95d (webtiles) character file.

75 polve the Changer (level 4, -8/32 HPs)
             Began as a Merfolk Transmuter on Aug 8, 2017.
             Killed by nerve-wracking pain
             ... invoked by an orc priest
              (11 damage)
             ... on level 3 of the Dungeon.
             The game lasted 00:03:18 (3124 turns).

polve the Changer (Merfolk Transmuter)              Turns: 3124, Time: 00:03:19

Health: -8/32      AC:  2    Str: 10    XL:     4   Next: 31%
Magic:  7/7        EV: 13    Int: 13    God:
Gold:   55         SH:  0    Dex: 14    Spells: 1/7 levels left

rFire    . . .     SeeInvis .     - Unarmed
rCold    . . .     Gourm    .   (no shield)
rNeg     . . .     Faith    .   b - +0 robe
rPois    .         Spirit   .   (no helmet)
rElec    .         Reflect  .   (no cloak)
rCorr    .         Harm     .   (no gloves)
MR       .....                  (no boots)
Stlth    +.........             (no amulet)
Regen    0.1/turn               (no ring)
MPRegen  0.1/turn               (no ring)

@: no status effects
A: change form in water, swift swim, stealthy swim
a: no special abilities


You were on level 3 of the Dungeon.
You were not hungry.

You visited 1 branch of the dungeon, and saw 3 of its levels.

You collected 55 gold pieces.

Inventory:

Missiles
 a - 23 arrows (quivered)
Armour
 b - a +0 robe (worn)
Scrolls
 e - a scroll of identify
 g - a scroll of remove curse
Potions
 i - a potion of curing {unknown}
 j - a potion of degeneration {unknown}
Books
 c - a book of Changes

   Spells                             Type                      Level
   a - Beastly Appendage              Transmutation                1
   b - Sticks to Snakes               Transmutation                2
   c - Spider Form                    Transmutation/Poison         3
   d - Ice Form                       Ice/Transmutation            4
   e - Blade Hands                    Transmutation                5
Comestibles
 d - 2 bread rations
 f - 3 chunks of flesh
 h - a royal jelly


   Skills:
 + Level 1.1 Fighting
 - Level 2.6 Dodging
 + Level 3.2 Unarmed Combat
 - Level 2.0 Spellcasting
 - Level 5.2 Transmutations
 - Level 2.0 Poison Magic


You had one spell level left.
You knew the following spells:

 Your Spells              Type           Power        Failure   Level  Hunger
a - Beastly Appendage     Tmut           ##....       3%          1    ##.....
b - Sticks to Snakes      Tmut           ##......     4%          2    ###....
c - Spider Form           Tmut/Pois      ##........   17%         3    ####...


Dungeon Overview and Level Annotations

Branches:
Dungeon (2/15)

Altars:


Message History

You are too injured to fight recklessly!
You are too injured to fight recklessly!
You are too injured to fight recklessly!
You are too injured to fight recklessly!
You are too injured to fight recklessly!
You are too injured to fight recklessly!
You are too injured to fight recklessly!
You are too injured to fight recklessly!
The orc priest hits you with a whip.
* * * LOW HITPOINT WARNING * * *
The orc wizard gestures wildly while chanting.
The orc wizard blinks!
The orc barely misses you.
The orc wizard gestures at you while chanting.
The magic dart hits you!
* * * LOW HITPOINT WARNING * * *
The rat closely misses you.
The orc priest calls down the wrath of Beogh upon you.
Pain shoots through your body!
You die...

. . . #... ..#.# ###.#.#
#.#.# %#.##.# .....#
...# #..!....
###...###..### #...... .
...?.........###..... .#
#.......#.##....##<#
#....###.##........
#.(..#./.@ro.......
##.#####.#.#.......†.##.
)......).#.$......o..#
##.#####.###......o(.#
#>.)..........#
#.[##......%.....
#..........##.###
##.###..>.## .# ### #.#
#.#.## .# #..


You could see an orc priest, an orc wizard, an orc and a rat.

Vanquished Creatures
  2 adders
  A dart slug (D:1)
  A leopard gecko (D:2)
  6 orcs (D:3)
  7 bats
  3 giant cockroaches
  7 goblins
  4 hobgoblins (D:1)
  A quokka (D:2)
  3 frilled lizards
  6 kobolds
  6 rats
47 creatures vanquished.

Vanquished Creatures (collateral kills)
  A worm (D:2)
1 creature vanquished.

Grand Total: 48 creatures vanquished

Notes
Turn   | Place    | Note
-------+----------+-------------------------------------------
     0 | D:1      | polve the Merfolk Transmuter began the quest for the Orb.
     0 | D:1      | Reached XP level 1. HP: 15/15 MP: 3/3
   276 | D:1      | Reached skill level 3 in Transmutations
   589 | D:1      | Reached XP level 2. HP: 20/21 MP: 5/5
   820 | D:1      | Reached skill level 4 in Transmutations
   827 | D:1      | Learned a level 2 spell: Sticks to Snakes
  1363 | D:1      | Reached XP level 3. HP: 16/26 MP: 6/6
  2478 | D:2      | Reached skill level 5 in Transmutations
  2483 | D:2      | Learned a level 3 spell: Spider Form
  2605 | D:2      | You fall through a shaft!
  2802 | D:3      | Reached skill level 1 in Poison Magic
  2802 | D:3      | Reached XP level 4. HP: 29/32 MP: 5/7
  3124 | D:3      | Killed from afar by an orc priest

Skill      XL: |  1  2  3  4 |
---------------+-------------+-----
Transmutations | 3 4 5 |  5.2
Poison Magic   | 1 2 |  2.0
Fighting       | |  1.1
Dodging        | |  2.6
Unarmed Combat | |  3.2
Spellcasting   | |  2.0

Action                   |  1- 3 |  4- 6 || total
-------------------------+-------+-------++-------
Melee: Unarmed           |   189 |    38 ||   227
       Punch             |     4 |       ||     4
       Headbutt          |     4 |     1 ||     5
 Cast: Beastly Appendage |    18 |     2 ||    20
       Sticks to Snakes  |     3 |       ||     3
  Use: Scroll            |     2 |       ||     2
 Stab: Distracted        |     1 |       ||     1
  Eat: Chunk             |     7 |     1 ||     8
Armor: Robe              |    45 |    16 ||    61
Dodge: Dodged            |   139 |    34 ||   173
